 Dungeon Crawl Stone Soup version 0.28-a0-384-g9e0c098162 (webtiles) character file.

Game seed: 9994424016153680617

26598 rogsnak the Eclecticist (level 13, 0/85 HPs)
             Began as a Djinni Fire Elementalist on Sept 2, 2021.
             Was an Elder of Makhleb.
             Slain by an eight-headed hydra (2 damage)
             ... on level 14 of the Dungeon on Sept 3, 2021.
             The game lasted 00:38:42 (16386 turns).

rogsnak the Eclecticist (Djinni Fire Elementalist) Turns: 16386, Time: 00:38:42

Health: 0/85       AC: 10    Str:  7    XL:     13   Next: 59%
Gold:   499        EV: 20    Int: 21    God:    Makhleb [****..] SH:  0 Dex: 15

rFire   + + +      SeeInvis .   n - +2 whip (elec)
rCold   x . .      Faith    .   (no shield)
rNeg    + . .      Spirit   .   v - +4 robe of the Candlemaker {rN+}
rPois   ∞          Reflect  .   (no helmet)
rElec   .          Harm     .   z - +2 cloak {rCorr}
rCorr   +          Rampage  .   J - +0 pair of gloves
Will    +....                   (boots unavailable)
Stlth   ++........              (no amulet)
HPRegen 0.24/turn               l - +4 ring of evasion
MPRegen 0.00/turn               V - ring of protection from fire

@: flying
A: sickness immunity, fire resistance 2, cold vulnerability 1, float, innate
caster, hp casting, extra vitality 1
a: Renounce Religion, Minor Destruction, Lesser Servant of Makhleb, Major
Destruction


You were on level 14 of the Dungeon.
You worshipped Makhleb.
Makhleb was greatly pleased with you.
You visited 2 branches of the dungeon, and saw 15 of its levels.

You collected 499 gold pieces.

Inventory:

Hand Weapons
 n - a +2 whip of electrocution (weapon)
 C - a +2 dagger of venom
 G - a +0 scimitar of holy wrath
 K - a +2 mace of protection
 S - a +3 spear of venom
 Y - a +1 long sword of electrocution
Missiles
 d - 110 poisoned darts
 e - 453 stones
 y - 2 curare-tipped darts
 W - a throwing net
Armour
 a - a +0 robe
 v - the +4 robe of the Candlemaker (worn) {rN+}
   (You found it on level 4 of the Dungeon)

   rN:        It protects you from negative energy.
 z - a +2 cloak of preservation (worn)
 J - a +0 pair of gloves (worn)
 N - a +2 robe of willpower
 O - a +0 buckler
 Q - +0 steam dragon scales
Magical Staves
 Z - a staff of air
Jewellery
 l - a +4 ring of evasion (left hand)
 V - a ring of protection from fire (right hand)
Wands
 t - a wand of acid (30)
 H - a wand of charming (2)
 M - a wand of paralysis (5)
Scrolls
 f - 11 scrolls of identify {unknown}
 h - 2 scrolls of noise {unknown}
 i - 2 scrolls of acquirement {unknown}
 j - 3 scrolls of immolation {unknown}
 k - 4 scrolls of teleportation {unknown}
 m - a scroll of enchant weapon {unknown}
 o - 2 scrolls of enchant armour {unknown}
 x - 2 scrolls of blinking {unknown}
 A - 2 scrolls of magic mapping {unknown}
 B - a scroll of silence {unknown}
 F - a scroll of vulnerability {unknown}
 I - a scroll of fear {unknown}
 R - 2 scrolls of amnesia {unknown}
Potions
 b - 2 potions of heal wounds {unknown}
 c - a potion of ambrosia {unknown}
 g - 2 potions of haste {unknown}
 p - a potion of berserk rage {unknown}
 q - 3 potions of resistance {unknown}
 r - a potion of mutation {unknown}
 s - 4 potions of degeneration {unknown}
 u - 4 potions of curing {unknown}
 w - a potion of invisibility {unknown}
 D - 2 potions of attraction {unknown}
 E - 4 potions of brilliance {unknown}
 L - 2 potions of might {unknown}
 P - a potion of flight {unknown}
 X - a potion of lignification {unknown}
Miscellaneous
 T - a condenser vane
 U - a piece from Xom's chessboard (15/15)


   Skills:
 + Level 5.0 Fighting
 + Level 8.1 Dodging
 - Level 1.6 Stealth
 + Level 15.2 Spellcasting


You had 5 spell levels left.
You knew the following spells:

 Your Spells              Type           Power      Damage    Failure   Level
a - Foxfire               Conj/Fire      100%       2x1d9     0%          1
b - Scorch                Fire           100%       2d10      0%          2
c - Conjure Flame         Conj/Fire      68%        6-21      1%          3
d - Inner Flame           Hex/Fire       68%        N/A       1%          3
e - Sticky Flame          Conj/Fire      68%        2d8       1%          4
f - Fireball              Conj/Fire      34%        3d14      1%          5
g - Apportation           Tloc           100%       N/A       0%          1
h - Poisonous Vapours     Pois/Air       100%       N/A       0%          2
i - Passwall              Tmut/Erth      56%        N/A       0%          2
j - Summon Lightning Spi  Summ/Air       68%        N/A       1%          4
k - Lightning Bolt        Conj/Air       34%        1d51      1%          5
l - Summon Mana Viper     Hex/Summ       68%        N/A       1%          5
Your spell library was empty.

Dungeon Overview and Level Annotations

Branches:
Dungeon (14/15)            Temple (1/1) D:5            Lair (0/6) D:10
    Orc (0/2) D:9          Vaults (0/5) D:13

Altars:
Ashenzari
Dithmenos
Elyvilon
Fedhas
Hepliaklqana
Kikubaaqudgha
Makhleb
Okawaru
Qazlal
Ru
Trog
Uskayaw
Vehumet
Wu Jian
Xom
Yredelemnul
Zin
The Shining One

Shops:
D:4 (   D:9 *


Innate Abilities, Weirdness & Mutations

You are immune to sickness and miasma.
You are immune to poison.
Your flesh is very heat resistant. (rF++)
You are vulnerable to cold. (rC-)
You float through the air rather than walking.
You learn spells naturally, not from books.
Your magical power is your life essence.
You have superior vitality. (+4 HP)


Message History

The eight-headed hydra roars!
You hear a shout!
Casting: Foxfire (safe; 0% risk of failure)
Confirm with . or Enter, or press ? or * to list all spells.
An electric hum fills the air.
Unknown command.
Unknown command.
The tengu conjurer casts a spell.
The tengu conjurer blinks!
Unknown command.
Unknown command.
Your lightning spire shoots out a bolt of lightning at the eight-headed hydra!
The bolt of electricity hits the eight-headed hydra!!
Unknown command.
Unknown command.
Casting: Summon Lightning Spire (safe; 1% risk of failure)
Confirm with . or Enter, or press ? or * to list all spells.
Flames lash the eight-headed hydra.
The eight-headed hydra is moderately wounded.
The eight-headed hydra's fire resistance burns away.
* * * LOW HITPOINT WARNING * * *
Unknown command.
Unknown command.
Casting: Scorch (safe; 0% risk of failure)
Confirm with . or Enter, or press ? or * to list all spells.
Aiming: Sticky Flame (safe; 1% risk of failure)
Press: ? - help, Shift-Dir - straight line, f - eight-headed hydra
Aim: an eight-headed hydra (moderately wounded, more vulnerable to fire, ally target, 100% to hit)
The sticky flame hits the eight-headed hydra!!
The eight-headed hydra is burned terribly!
The eight-headed hydra is heavily wounded.
The eight-headed hydra is covered in liquid flames!
* * * LOW HITPOINT WARNING * * *
The eight-headed hydra burns!
The eight-headed hydra bites you.
* * * LOW HITPOINT WARNING * * *
The eight-headed hydra misses you. The eight-headed hydra bites you!
* * * LOW HITPOINT WARNING * * *
The eight-headed hydra bites you.
* * * LOW HITPOINT WARNING * * *
The eight-headed hydra bites you.
You die...

........##
#........#####...#.
...#.....##
#........##........
..<#..##..##
####.#####..#
......###..## #.#
##..#....... ..#...#
##..# #.# #..##......Q
..#...# ##.###
#.###.###....... ..##..#
#...# #...............
..##..#
###.###.8.#####..$....
...#..# ##...@D..#
#...... ......#
#........### ...!...
####...
#...........##.....> #
#...#
#........##B.#......
####...#
#........###..........
##.....#
#.........##..........
##.#...#####.........##.#
.....
.....#..##..###..#.#.##.#
....
.........#..#...##......#
...#


You could see a boulder beetle, an eight-headed hydra (burning, inflammable,
ally target) and a friendly lightning spire (summoned).

Vanquished Creatures
  7 vault guards (D:13)
  4 hydras
  3 boulder beetles
  5 two-headed ogres
  Pikel (D:5)
  An orb spider (shapeshifter) (D:14)
  A deep elf pyromancer (D:13)
  2 cyclopes
  A gargoyle (D:11)
  A kobold demonologist (D:9)
  3 trolls
  2 hornets
  Grinder (D:5)
  A vampire (D:9)
  2 shadows
  5 wraiths
  4 yaks (D:6)
  4 vampire mosquitoes (D:13)
  Menkaure (D:5)
  3 water moccasins
  4 orc warriors
  4 black bears
  A sky beast (D:6)
  3 ice beasts
  2 ogres
  A wolf (D:10)
  2 centaurs (D:10)
  A lemure (D:5)
  2 phantoms
  Blork the orc (D:6)
  3 kobold brigands
  2 scorpions
  5 bullfrogs
  A gnoll sergeant (D:9)
  2 water moccasin zombies
  2 oklob saplings (D:10)
  3 killer bees (D:10)
  8 wights
  2 electric eels (D:10)
  6 howler monkeys
  4 centaur zombies
  4 bullfrog zombies
  10 hounds
  3 jellies
  Crazy Yiuf (D:4)
  5 orc priests
  A gnoll shaman (D:7)
  4 iguanas
  Terence (D:3)
  2 scorpion zombies (D:5)
  7 orc wizards
  2 killer bee zombies (D:7)
  7 adders
  10 gnolls
  A shadow imp (D:6)
  A white imp (D:5)
  An ufetubus (D:7)
  An adder skeleton (D:4)
  3 worms
  4 dart slugs
  26 orcs
  11 ball pythons
  10 endoplasms
  9 giant cockroaches
  10 goblins
  7 hobgoblins
  6 jackals
  3 quokkas
  2 bats (D:1)
  4 frilled lizards
  10 kobolds
  7 rats
284 creatures vanquished.

Vanquished Creatures (collateral kills)
  An ugly thing (D:13)
  2 manticores
  Maggie (D:8)
  Psyche (D:8)
  A hornet (D:10)
  2 yaks (D:6)
  An ogre (D:6)
  A gnoll sergeant (D:10)
  2 orc priests
  An iguana (D:6)
  2 orc wizards
  3 gnolls
  2 adders
  6 orcs
  An endoplasm (D:1)
  A giant cockroach (D:1)
  3 jackals (D:1)
  2 ball pythons (D:10)
  2 rats (D:1)
35 creatures vanquished.

Vanquished Creatures (others)
  698 foxfires
  11 plants
709 creatures vanquished.

Grand Total: 1028 creatures vanquished

Notes
Turn   | Place    | Note
-------+----------+-------------------------------------------
     0 | D:1      | rogsnak the Djinni Fire Elementalist began the quest for
                  | the Orb.
     0 | D:1      | Reached XP level 1. HP: 15/15 MP: 0/0
     1 | D:1      | Found a runed translucent door.
   332 | D:1      | Reached XP level 2. HP: 17/21 MP: 0/0
   729 | D:1      | Reached skill level 3 in Spellcasting
  1004 | D:1      | Reached XP level 3. HP: 24/25 MP: 0/0
  1004 | D:1      | Learned a level 1 spell: Apportation
  1854 | D:2      | Reached XP level 4. HP: 24/31 MP: 0/0
  2797 | D:3      | Found a faded altar of an unknown god.
  2873 | D:3      | Noticed a scorpion
  2881 | D:3      | Killed a scorpion
  2882 | D:3      | Reached skill level 4 in Spellcasting
  2882 | D:3      | Reached XP level 5. HP: 28/35 MP: 0/0
  2882 | D:3      | Learned a level 2 spell: Poisonous Vapours
  3001 | D:3      | Found a blossoming altar of Fedhas.
  3126 | D:3      | Noticed Terence
  3136 | D:3      | Killed Terence
  3247 | D:3      | Reached XP level 6. HP: 35/40 MP: 0/0
  3967 | D:4      | Identified the +4 robe of the Candlemaker {rN+}
  4004 | D:4      | Reached skill level 5 in Spellcasting
  4228 | D:4      | Reached XP level 7. HP: 32/46 MP: 0/0
  4228 | D:4      | Learned a level 2 spell: Passwall
  4505 | D:4      | Noticed a hornet
  4513 | D:4      | Killed a hornet
  4514 | D:4      | Reached skill level 1 in Fighting
  4514 | D:4      | Reached skill level 6 in Spellcasting
  4781 | D:4      | Found a runed translucent door.
  4782 | D:4      | Noticed Crazy Yiuf
  4790 | D:4      | Killed Crazy Yiuf
  4856 | D:4      | Found Uzxuix's Weapon Emporium.
  4962 | D:5      | Entered Level 5 of the Dungeon
  4982 | D:5      | Noticed Pikel
  5003 | D:5      | Killed Pikel
  5004 | D:5      | Reached skill level 7 in Spellcasting
  5004 | D:5      | Reached XP level 8. HP: 37/52 MP: 0/0
  5097 | D:5      | Found a staircase to the Ecumenical Temple.
  5360 | D:5      | Noticed Grinder
  5368 | D:5      | Killed Grinder
  5369 | D:5      | Reached XP level 9. HP: 44/58 MP: 0/0
  5369 | D:5      | Learned a level 4 spell: Summon Lightning Spire
  5381 | D:5      | Reached skill level 8 in Spellcasting
  5624 | D:5      | Found a hide-covered altar of Uskayaw.
  5679 | D:5      | Noticed Menkaure
  5688 | D:5      | Killed Menkaure
  5991 | D:6      | Found an ornate altar of the Wu Jian Council.
  6076 | D:6      | Noticed Blork the orc
  6353 | D:6      | Found a bloodstained altar of Trog.
  6531 | D:6      | Killed Blork the orc
  6653 | D:6      | Reached skill level 5 in Dodging
  6653 | D:6      | Reached skill level 9 in Spellcasting
  6693 | D:6      | Reached XP level 10. HP: 23/67 MP: 0/0
  7057 | Temple   | Entered the Ecumenical Temple
  7124 | Temple   | Became a worshipper of Makhleb the Destroyer
  7971 | D:6      | Reached skill level 10 in Spellcasting
  8048 | D:6      | Found the +10 Black Knight's barding {ponderous, rPois rN+}
  8498 | D:7      | Reached * piety under Makhleb
  8688 | D:7      | Found a basalt altar of Yredelemnul.
  8719 | D:7      | Reached ** piety under Makhleb
  9536 | D:8      | Reached XP level 11. HP: 63/72 MP: 0/0
  9536 | D:8      | Learned a level 5 spell: Lightning Bolt
  9598 | D:8      | Noticed Psyche
  9670 | D:8      | Killed Psyche
  9671 | D:8      | Reached skill level 11 in Spellcasting
  9802 | D:8      | Found a glowing golden altar of the Shining One.
  9937 | D:8      | Noticed Maggie
  9942 | D:8      | Killed Maggie
 11012 | D:9      | Found a staircase to the Orcish Mines.
 11418 | D:9      | Found Wumuyj's General Store.
 11503 | D:10     | Entered Level 10 of the Dungeon
 11531 | D:10     | Reached *** piety under Makhleb
 11535 | D:10     | Found a staircase to the Lair.
 11794 | D:10     | You are sucked into a shaft and drop 3 floors!
 11796 | D:13     | Noticed a two-headed ogre
 11803 | D:13     | Killed a two-headed ogre
 11804 | D:13     | Reached skill level 12 in Spellcasting
 11812 | D:13     | Noticed a boulder beetle
 11823 | D:13     | Noticed a cyclops
 12016 | D:13     | Noticed a four-headed hydra
 12043 | D:13     | Killed a four-headed hydra
 12046 | D:13     | Noticed a boulder beetle
 12070 | D:13     | Killed a boulder beetle
 12410 | D:12     | Noticed a boulder beetle
 12410 | D:12     | Noticed a six-headed hydra
 12618 | D:10     | Reached XP level 12. HP: 54/78 MP: 0/0
 13013 | D:10     | Reached **** piety under Makhleb
 13596 | D:11     | Noticed a two-headed ogre
 13604 | D:11     | Killed a two-headed ogre
 13605 | D:11     | Reached skill level 13 in Spellcasting
 13780 | D:11     | Noticed a two-headed ogre
 13788 | D:11     | Killed a two-headed ogre
 13841 | D:11     | Noticed a two-headed ogre
 13848 | D:11     | Killed a two-headed ogre
 13924 | D:11     | Noticed a seven-headed hydra
 13930 | D:11     | Killed a seven-headed hydra
 14286 | D:12     | Found a sacrificial altar of Ru.
 14447 | D:12     | Killed a boulder beetle
 14932 | D:12     | Noticed a two-headed ogre
 14939 | D:12     | Killed a two-headed ogre
 14949 | D:12     | Killed a six-headed hydra
 15263 | D:13     | Reached skill level 14 in Spellcasting
 15324 | D:13     | Noticed a vault guard
 15330 | D:13     | Killed a vault guard
 15331 | D:13     | Reached XP level 13. HP: 70/85 MP: 0/0
 15331 | D:13     | Learned a level 5 spell: Summon Mana Viper
 15338 | D:13     | Noticed a vault guard
 15346 | D:13     | Killed a vault guard
 15389 | D:13     | Noticed a vault guard
 15395 | D:13     | Killed a vault guard
 15464 | D:13     | Noticed a vault guard
 15469 | D:13     | Killed a vault guard
 15470 | D:13     | Reached skill level 5 in Fighting
 15518 | D:13     | Found a gate to the Vaults.
 15599 | D:13     | Noticed a vault guard
 15606 | D:13     | Killed a vault guard
 15635 | D:13     | Noticed a vault guard
 15645 | D:13     | Killed a vault guard
 15648 | D:13     | Noticed a five-headed hydra
 15650 | D:13     | Killed a five-headed hydra
 15880 | D:13     | Noticed a vault guard
 15886 | D:13     | Killed a vault guard
 15887 | D:13     | Reached skill level 15 in Spellcasting
 16015 | D:13     | Killed a boulder beetle
 16212 | D:14     | Noticed an eight-headed hydra
 16368 | D:14     | Noticed a boulder beetle
 16386 | D:14     | HP: 2/85 [eight-headed hydra (6)]
 16386 | D:14     | Slain by an eight-headed hydra

Illustrated notes

Levels and vault maps discovered:
D:1:      dpeg_arrival_caged_fury, layout_loops_corners, minmay_octomino_j4
D:2:      layout_loops_cross
D:3:      layout_basic, fedhas_ov_isle_minmay,
          dreamdust_ecumenical_altar_sealed_demon, uniq_terence
D:4:      layout_rooms, serial_shops, nicolae_square_shop,
          uniq_crazy_yiuf_cottage
D:5:      layout_loops_cross, nicolae_uskayaw_dance_hall,
          minmay_temple_entry_from_below_b, uniq_menkaure, uniq_pikel,
          uniq_grinder
D:6:      minmay_octagon_keep, layout_basic, trog_ov_bears_minmay,
          nicolae_overflow_hidden_temple, minivault_10, st_stairs_2,
          uniq_blork_the_orc
D:7:      layout_basic, nicolae_yredelemnul_corpse_copse, serial_aquarium,
          aquarium_bridge_long_joined [aquarium_subvault_bridge,
          aquarium_subvault_window, aquarium_subvault_bridge,
          aquarium_subvault_window, aquarium_subvault_window,
          aquarium_subvault_window], aquarium_bridge_straight
          [aquarium_subvault_bridge, aquarium_subvault_balcony,
          aquarium_subvault_bridge, aquarium_subvault_wall],
          aquarium_window_corner, aquarium_window_fake, aquarium_window_1,
          aquarium_view_2g, aquarium_pool_corner
D:8:      layout_basic, mainiacjoe_overflow_chevrons, uniq_maggie, uniq_psyche
D:9:      layout_basic, orc_0_dummy, serial_shops, nicolae_shop_trees
D:10:     layout_basic, erik_lair_island, introduction_to_nature_2
D:11:     layout_cave_pools, grunt_ogre_cave
D:12:     layout_long_grid, serial_glass, glass_columns_a, glass_columns_a,
          glass_columns_a, glass_columns_a, glass_columns_b, glass_columns_a,
          glass_columns_a, glass_columns_a, glass_columns_a, glass_columns_a,
          nicolae_ru_sacrificial_ziggurat
D:13:     layout_small_grid, erik_vaults_2
D:14:     layout_rooms, portal_ice_cave_entry_pillars_four,
          serial_bayou_shore_b, kennysheep_small_spiral, hangedman_ranch,
          uniq_nessos
Temple:   nicolae_temple_elliptical

Skill      XL: |  1  2  3  4  5  6  7  8  9 10 11 12 13 |
---------------+----------------------------------------+-----
Spellcasting   | 3 4 5 7 9 10 12 14 15 | 15.2
Dodging        | 3 4 5 6 7 8 |  8.1
Fighting       | 1 2 3 4 5 |  5.0
Stealth        | |  1.6

Action                   |  1- 3 |  4- 6 |  7- 9 | 10-12 | 13-15 || total
-------------------------+-------+-------+-------+-------+-------++-------
Melee: Dagger            |     7 |    13 |    52 |   132 |       ||   204
       Whip              |       |       |       |     2 |     1 ||     3
 Cast: Foxfire           |    60 |    94 |    76 |   195 |     7 ||   432
       Sticky Flame      |       |     3 |    19 |    34 |     6 ||    62
       Scorch            |       |     1 |     1 |    29 |    10 ||    41
       Inner Flame       |       |       |     1 |       |       ||     1
       Summon Lightning  |       |       |     3 |    18 |     9 ||    30
       Poisonous Vapours |       |       |     2 |    44 |    24 ||    70
       Fireball          |       |       |       |    50 |    16 ||    66
       Lightning Bolt    |       |       |       |     5 |       ||     5
 Stab: Sleeping          |     1 |     4 |     1 |       |       ||     6
Armor: Robe              |     3 |     1 |    16 |    32 |       ||    52
Dodge: Dodged            |    12 |    11 |    40 |   160 |     5 ||   228

Table legend: (Time is in decaauts)
 A = Elapsed time spent in this place.
 B = Non-inter-level travel time spent in this place.
 C = Inter-level travel time spent in this place.
 D = Time resting spent in this place.
 E = Time spent auto-exploring this place.
 F = Levels seen in this place.
 G = Mean time per level.
                   A        B        C        D        E       F      G
               +--------+--------+--------+--------+--------+-----+--------+
         Total |  16400 |  15721 |    679 |   2154 |  10469 |  15 | 1093.3 |
       Dungeon |  16316 |  15649 |    667 |   2154 |  10433 |  14 | 1165.4 |
        Temple |     83 |     71 |     12 |      0 |     36 |   1 |   83.0 |
               +--------+--------+--------+--------+--------+-----+--------+

Top non-repeatable levels by time:
     D:1: 1910 daAuts
     D:5: 1624 daAuts
    D:10: 1560 daAuts
     D:6: 1447 daAuts
    D:13: 1346 daAuts
     D:4: 1319 daAuts
     D:9: 1193 daAuts
    D:12: 1060 daAuts
     D:3: 1047 daAuts
     D:7: 979 daAuts
     D:2: 955 daAuts
     D:8: 947 daAuts
    D:11: 694 daAuts
    D:14: 226 daAuts
  Temple: 83 daAuts
